 Dungeon Crawl Stone Soup version 0.23.0 (webtiles) character file.

Game seed: 15480433917222591878

3851 Laan the Cleaver (level 10, -23/80 HPs)
             Began as a Formicid Monk on Feb 11, 2019.
             Was a High Priest of Okawaru.
             Killed from afar by Nergalle (38 damage)
             ... with a bolt of negative energy
             ... on level 1 of the Lair of Beasts on Feb 12, 2019.
             The game lasted 00:25:52 (8649 turns).

Laan the Cleaver (Formicid Monk)                    Turns: 8649, Time: 00:25:53

Health: -23/80     AC: 14    Str: 23    XL:     10   Next: 41%
Magic:  10/10      EV:  3    Int: 11    God:    Okawaru [*****.]
Gold:   116        SH: 14    Dex: 15    Spells: 9/9 levels left

rFire    . . .     SeeInvis +   a - +1 hand axe
rCold    + . .     Gourm    .   j - +1 shield
rNeg     . . .     Faith    .   F - +0 plate armour of Virtue {rElec rPois rCorr Str-3} (curse)
rPois    +         Spirit   .   (helmet unavailable)
rElec    +         Reflect  +   N - +0 cloak
rCorr    +         Harm     .   C - +2 pair of gloves
MR       +....                  (no boots)
Stlth    ..........             p - +5 amulet of reflection
HPRegen  0.23/turn              y - ring of protection from cold
MPRegen  0.12/turn              s - +3 ring of strength

@: mighty, extremely drained
A: permanent stasis, dig shafts and tunnels, four strong arms, antennae 3, fangs
1, thin skeletal structure 1
a: Dig, Shaft Self, Heroism, Finesse, Renounce Religion


You were on level 1 of the Lair of Beasts.
You worshipped Okawaru.
Okawaru was extremely pleased with you.
You were not hungry.

You visited 2 branches of the dungeon, and saw 9 of its levels.
You also visited: Ossuary.

You collected 528 gold pieces.
You spent 412 gold pieces at shops.

Inventory:

Hand Weapons
 a - a +1 hand axe (weapon)
 g - the +7 flail "Dahairchi" {crush, rPois rF+, unknown}
   (You found it on level 5 of the Dungeon)

   It inflicts extra damage upon your enemies.
   It protects you from fire.
   It protects you from poison.
Missiles
 K - 6 tomahawks of returning (quivered)
Armour
 j - a +1 shield (worn)
 A - a +0 plate armour
 C - a +2 pair of gloves (worn)
 F - the cursed +0 plate armour of Virtue (worn) {rElec rPois rCorr Str-3}
   (You bought it in a shop on level 4 of the Dungeon)

   It affects your strength (-3).
   It insulates you from electricity.
   It protects you from poison.
   It provides partial protection from all sources of acid and corrosion.
   It has a curse placed upon it.
 N - a +0 cloak (worn)
Jewellery
 m - an uncursed ring of resist corrosion
 p - a +5 amulet of reflection (around neck)
 s - a +3 ring of strength (right hand)
 y - a ring of protection from cold (left hand)
 I - an uncursed amulet of regeneration {unknown}
Wands
 k - a wand of digging (4)
 L - a wand of paralysis (6)
 M - a wand of random effects (21)
Scrolls
 b - 4 scrolls of enchant armour
 e - a scroll of enchant weapon
 f - 11 scrolls of identify
 h - 2 scrolls of blinking {unknown}
 l - 3 scrolls of immolation {unknown}
 o - 9 scrolls of remove curse {unknown}
 t - a scroll of fog {unknown}
 u - 4 scrolls of teleportation {unknown}
 w - 2 scrolls of magic mapping {unknown}
 x - a scroll of amnesia {unknown}
 G - a scroll of holy word {unknown}
 J - a scroll of brand weapon {unknown}
Potions
 i - a potion of invisibility {unknown}
 n - a potion of flight {unknown}
 r - 2 potions of magic {unknown}
 v - a potion of agility {unknown}
 B - 2 potions of brilliance {unknown}
 D - 2 potions of haste {unknown}
 E - a potion of mutation
 H - a potion of ambrosia {unknown}
 O - a potion of cancellation {unknown}
Comestibles
 c - 13 rations


   Skills:
 + Level 7.7(0.0) Fighting
 * Level 9.6(1.5) Axes
 + Level 6.9(0.0) Armour
 - Level 2.6(0.0) Dodging
 - Level 2.9(0.0) Stealth
 + Level 7.5(0.0) Shields


You had 9 spell levels left.
You didn't know any spells.
Your spell library was empty.

Dungeon Overview and Level Annotations

Branches:
Dungeon (8/15)             Temple (0/1) D:7            Lair (1/6) D:8

Altars:
Okawaru
Trog

Shops:
D:4 [

Annotations:
D:6 1 runed translucent door, puimuR's ghost, amateur HOWr
Lair:1 Nergalle


Innate Abilities, Weirdness & Mutations

You cannot be hasted, slowed, berserked, paralysed or teleported.
You can dig through walls and to a lower floor.
Your four strong arms can wield two-handed weapons with a shield.
You have a pair of large antennae on your head. (SInv)
You have very sharp teeth.
You have a somewhat thin skeletal structure. (Dex +2, Stealth)


Message History

Nergalle hits you but does no damage.
You feel drained.
The spectral orc warrior hits you with a +2 vampiric short sword.
* * * LOW HITPOINT WARNING * * *
The spectral orc warrior draws strength from your wounds!
You closely miss Nergalle. Your bite misses Nergalle.
Nergalle is almost dead.
You hit the spectral orc warrior. You slash the spectral orc warrior!
You destroy the spectral orc warrior!
You completely miss the spectral orc warrior.
You hit the spectral orc warrior.
You destroy the spectral orc warrior!
The spectral orc hits you from afar with a cursed +0 trident.
* * * LOW HITPOINT WARNING * * *
The spectral orc warrior hits you but does no damage.
The spectral orc warrior hits you with a +0 glaive.
* * * LOW HITPOINT WARNING * * *
You block the spectral orc knight's attack.
Nergalle points at you and mumbles some strange words.
The bolt of negative energy hits you!!!
You feel drained.
You die...

..........# #..##.#.####.
.# ......### ... .## .
......# #..# ..## ..
..(...# #..###.#.#... .
#...#...####...........(..
##............ZZ..Z.......
#..#..........ZZZ.......S
##..###### #..#Z@# ##P....
.........###..#o###.......
...............Z{....o....
..........................
..........######.#........
.........## ###P.......
........## ##.......
.......## ....... ......##
.......


You could see Nergalle, 3 spectral orcs, 3 spectral orc warriors and 2 spectral
orc knights.

Vanquished Creatures
  A spiny frog (Lair:1)
  A troll (D:8)
  Menkaure (D:5)
  A water moccasin (Lair:1)
  An orc warrior (D:3)
  A black bear (D:7)
  2 sky beasts
  2 wolves (D:8)
  2 ogres
  A necrophage (D:8)
  2 centaurs
  A crocodile (Lair:1)
  2 big kobolds
  A bullfrog (D:7)
  2 scorpions
  3 electric eels (D:8)
  3 centaur zombies (Ossuary)
  A howler monkey (D:6)
  Crazy Yiuf (D:7)
  2 bullfrog zombies
  2 jellies (D:7)
  11 hounds
  A centaur skeleton (D:8)
  An orc priest (D:4)
  A bullfrog skeleton (D:8)
  11 orc wizards
  3 iguanas
  7 worker ants
  4 big kobold zombies (Ossuary)
  6 mummies
  16 adders
  2 howler monkey skeletons
  2 shadow imps (D:6)
  2 adder zombies (D:6)
  An ooze (D:2)
  An adder skeleton (D:4)
  4 worms
  A dart slug (D:1)
  9 leopard geckos
  18 orcs
  8 giant cockroaches
  6 goblins
  6 hobgoblins
  A jackal (D:7)
  2 ball pythons
  3 bats
  2 frilled lizards
  2 goblin zombies (D:6)
  2 hobgoblin zombies (Ossuary)
  13 kobolds
  A quokka skeleton (D:6)
  8 rats
188 creatures vanquished.

Vanquished Creatures (others)
  A kobold (D:7)
1 creature vanquished.

Grand Total: 189 creatures vanquished

Notes
Turn   | Place    | Note
-------+----------+-------------------------------------------
     0 | D:1      | Laan the Formicid Monk began the quest for the Orb.
     0 | D:1      | Reached XP level 1. HP: 18/18 MP: 1/1
   143 | D:1      | Reached XP level 2. HP: 17/24 MP: 2/2
   409 | D:1      | Reached XP level 3. HP: 23/29 MP: 3/3
   619 | D:2      | Reached skill level 1 in Armour
   819 | D:2      | Reached skill level 1 in Shields
  1251 | D:2      | Reached XP level 4. HP: 36/36 MP: 4/4
  1751 | D:3      | Reached skill level 4 in Axes
  1780 | D:3      | Reached XP level 5. HP: 20/42 MP: 5/5
  2530 | D:3      | Found an iron altar of Okawaru.
  2546 | D:3      | Became a worshipper of Warmaster Okawaru
  2546 | D:3      | Reached * piety under Okawaru
  2546 | D:3      | Reached ** piety under Okawaru
  2576 | D:3      | Reached XP level 6. HP: 46/48 MP: 6/6
  2809 | D:4      | Noticed an orc warrior
  2859 | D:3      | Killed an orc warrior
  3021 | D:3      | Reached skill level 5 in Axes
  3097 | D:4      | Reached XP level 7. HP: 49/55 MP: 7/7
  3575 | D:4      | Gained mutation: You are frail. (-10% HP) [potion of
                  | mutation]
  3575 | D:4      | Gained mutation: You are agile. (Dex +2) [potion of
                  | mutation]
  3575 | D:4      | Gained mutation: You have large cloven feet. [potion of
                  | mutation]
  3597 | D:4      | Found Quxoq's Armour Shop.
  3753 | D:4      | Reached *** piety under Okawaru
  3756 | D:4      | Reached skill level 5 in Fighting
  4050 | D:5      | Entered Level 5 of the Dungeon
  4064 | D:5      | Reached XP level 8. HP: 55/55 MP: 8/8
  4069 | D:5      | Reached skill level 6 in Axes
  4099 | D:5      | Noticed Menkaure
  4134 | D:5      | Killed Menkaure
  4402 | D:5      | Got a shimmering flail
  4738 | D:6      | Found a runed translucent door.
  4738 | D:6      | Noticed puimuR's ghost (amateur HOWr)
  4901 | D:6      | Lost mutation: You are agile. (Dex +2) [potion of mutation]
  4901 | D:6      | Lost mutation: You are frail. (-10% HP) [potion of
                  | mutation]
  4901 | D:6      | Lost mutation: You have large cloven feet. [potion of
                  | mutation]
  4901 | D:6      | Gained mutation: You have a somewhat thin skeletal
                  | structure. (Dex +2, Stealth) [potion of mutation]
  4901 | D:6      | Gained mutation: You expend magic power (3 MP) to
                  | strengthen your wands. [potion of mutation]
  4901 | D:6      | Lost mutation: You expend magic power (3 MP) to strengthen
                  | your wands. [potion of mutation]
  4901 | D:6      | Gained mutation: You have very sharp teeth. [potion of
                  | mutation]
  4977 | D:6      | Found a sand-covered staircase.
  4989 | Ossuary  | Entered an ossuary
  5047 | Ossuary  | Reached skill level 7 in Axes
  5048 | Ossuary  | Reached skill level 5 in Shields
  5088 | Ossuary  | Reached XP level 9. HP: 61/69 MP: 9/9
  5097 | Ossuary  | Reached **** piety under Okawaru
  5212 | D:6      | Reached skill level 5 in Armour
  5745 | D:7      | Received a gift from Okawaru
  5961 | D:7      | Reached skill level 8 in Axes
  6190 | D:7      | Found a runed translucent door.
  6191 | D:7      | Noticed Crazy Yiuf
  6201 | D:7      | Killed Crazy Yiuf
  6301 | D:7      | Found a staircase to the Ecumenical Temple.
  6998 | D:8      | Reached XP level 10. HP: 59/79 MP: 10/10
  7138 | D:8      | Reached skill level 9 in Axes
  7400 | D:8      | Found a staircase to the Lair.
  7827 | D:8      | Found a bloodstained altar of Trog.
  8083 | D:4      | Bought the cursed +0 plate armour of Virtue {rElec rPois
                  | rCorr Str-3} for 412 gold pieces
  8194 | Lair:1   | Entered Level 1 of the Lair of Beasts
  8258 | Lair:1   | Noticed a spiny frog
  8273 | Lair:1   | Killed a spiny frog
  8502 | Lair:1   | Reached ***** piety under Okawaru
  8592 | Lair:1   | Noticed Nergalle
  8645 | Lair:1   | HP: 4/80 [Nergalle/bolt of negative energy (25)]
  8649 | Lair:1   | Killed from afar by Nergalle

Skill      XL: |  1  2  3  4  5  6  7  8  9 10 |
---------------+-------------------------------+-----
Armour         | 1 2 3 4 6 |  6.9
Shields        | 1 2 3 4 5 6 7 |  7.5
Axes           | 4 5 7 8 9 |  9.6
Fighting       | 4 5 7 |  7.7
Dodging        | |  2.6
Stealth        | |  2.9

Action                   |  1- 3 |  4- 6 |  7- 9 | 10-12 || total
-------------------------+-------+-------+-------+-------++-------
Melee: Hand axe          |    83 |   198 |   581 |   180 ||  1042
       Kick              |       |       |    48 |       ||    48
       Bite              |       |       |    58 |    19 ||    77
Throw: Tomahawk          |       |       |    10 |     5 ||    15
Evoke: Wand              |       |       |     1 |     4 ||     5
  Use: Scroll            |     3 |       |       |       ||     3
       Potion            |       |     2 |     3 |     5 ||    10
 Stab: Sleeping          |     7 |       |       |       ||     7
       Paralysed         |       |       |       |     1 ||     1
  Eat: Chunk             |     1 |     6 |    14 |     3 ||    24
       Ration            |       |       |       |     1 ||     1
Armor: Leather armour    |    22 |       |       |       ||    22
       Robe              |     1 |       |       |       ||     1
       Scale mail        |       |    29 |       |       ||    29
       Chain mail        |       |     3 |    36 |       ||    39
       Plate armour      |       |       |   121 |   124 ||   245
Dodge: Dodged            |    26 |    44 |    89 |    40 ||   199
Block: Shield            |    16 |   129 |   427 |   203 ||   775
       Reflection        |       |       |     5 |     2 ||     7
